 Dungeon Crawl Stone Soup version 0.27-a0-909-g0721f309d1 (webtiles) character file.

Game seed: 1342409583386289650

2 EnegeticOcto the Magician (level 1, 15/15 HPs)
             Began as a Djinni Earth Elementalist on Apr 8, 2021.
             Was a Believer of Lugonu.
             Quit the game on level 2 of the Dungeon.
             The game lasted 00:00:46 (122 turns).

EnegeticOcto the Magician (DjEE)                     Turns: 122, Time: 00:00:46

Health: 15/15      AC:  2    Str:  7    XL:     1   Next: 30%
Gold:   18         EV: 12    Int: 16    God:    Lugonu [**....] SH:  0 Dex: 13

rFire    + + .     SeeInvis .   (no weapon)
rCold    x . .     Faith    .   (no shield)
rNeg     . . .     Spirit   .   c - +0 robe
rPois    ∞         Reflect  .   (no helmet)
rElec    .         Harm     .   (no cloak)
rCorr    .         Rampage  .   (no gloves)
Will     .....                  (boots unavailable)
Stlth    ++........             (no amulet)
HPRegen  0.05/turn              (no ring)
MPRegen  0.00/turn              (no ring)

@: mighty, flying
A: fire resistance 2, cold vulnerability 1, float, innate caster, hp casting,
extra vitality 1
a: Renounce Religion, Depart the Abyss, Bend Space


You were on level 2 of the Dungeon.
You worshipped Lugonu.
Lugonu was pleased with you.
You visited 1 branch of the dungeon, and saw 2 of its levels.

You collected 18 gold pieces.

Inventory:

Missiles
 b - 28 stones
Armour
 c - a +0 robe (worn)


   Skills:
 - Level 2.1 Dodging
 - Level 1.5 Stealth
 + Level 2.8 Spellcasting


You couldn't memorise any spells.
You knew the following spells:

 Your Spells              Type           Power      Damage    Failure   Level
a - Sandblast             Erth           22%        2d7       6%          1
b - Stone Arrow           Conj/Erth      22%        3d8       19%         3
c - Petrify               Tmut/Erth      11%        N/A       52%         4
d - Lee's Rapid Deconstr  Erth           5%         3d7*      86%         5
p - Passwall              Tmut/Erth      9%         N/A       9%          2
Your spell library was empty.

Dungeon Overview and Level Annotations

Branches:
Dungeon (2/15)

Altars:
Lugonu

Shops:
D:2 *


Innate Abilities, Weirdness & Mutations

You are immune to poison.
Your flesh is very heat resistant. (rF++)
You are vulnerable to cold. (rC-)
You float through the air rather than walking.
You learn spells naturally, not from books.
Your magical power is your life essence.
You have superior vitality. (+4 HP)


Message History

Welcome, EnegeticOcto the Djinni Earth Elementalist.
Will you prevail where others failed? Will you find the Orb of Zot?
Press ? for a list of commands and other information.
Found a staircase leading out of the dungeon.
You begin with the following spells memorised: Sandblast, Passwall, Stone Arrow, Petrify, Lee's Rapid Deconstruction.
Found a leather armour.
Found a stone staircase leading down.
Found a leather armour.
(D) Dungeon
Where to? (? - help)
There is a stone staircase leading down here.
You fly downwards.
Found Voudeul's Assorted Antiques.
There is a stone staircase leading up here.
A goblin comes into view. It is wielding a +0 dagger.
A rat comes into view.
The goblin shouts!
Cast which spell? (? or * to list)
Aiming: Sandblast (safe; 6% risk of failure)
Press: ? - help, Shift-Dir - straight line, f - goblin
Aim: a goblin, wielding a +0 dagger (26% to evade)
The blast of sand hits the goblin!
You kill the goblin!
Casting: Sandblast (safe; 6% risk of failure)
Confirm with . or Enter, or press ? or * to list all spells.
Aiming: Sandblast (safe; 6% risk of failure)
Press: ? - help, Shift-Dir - straight line, f - rat
Aim: a rat (21% to evade)
The blast of sand hits the rat.
You kill the rat!
There is an entrance to Voudeul's Assorted Antiques here.
Unknown command.
Found a sapphire potion.
a - a sapphire potion
Found a chain mail.
Found a faded altar of an unknown god.
Found 18 gold pieces.
There is a faded altar of an unknown god here.
It was a potion of cancellation.
You feel magically purged.
You cannot tell which god this altar belongs to.
Convert to them anyway?
Lugonu accepts your prayer! Lugonu welcomes you!
You can now depart the Abyss.
You can now bend space around yourself.
Found a fuming cyan potion.
You now have 18 gold pieces.
a - a fuming cyan potion It was a potion of might.
You feel very mighty all of a sudden.
Are you sure you want to abandon this character and quit the game? (Confirm with "yes".)

#. #.# .###.#
..##.# #.##.#
#.##.#
###########.##.#
#≈.≈≈.≈≈..≈....##
#.≈≈≈≈≈≈.≈.≈....#
#..≈≈≈≈≈≈≈≈≈≈..@#
##..≈≈≈≈≈≈≈≈≈≈≈..#
....≈≈≈≈≈≈≈≈≈≈≈..#
....≈≈≈.≈≈≈≈≈....#
.#≈≈≈≈≈≈_♣≈≈≈≈≈..#
.#.≈≈≈≈≈.≈≈≈≈≈...#
.+.≈≈≈≈≈≈≈≈≈≈≈...#
.#..≈≈≈≈≈≈≈≈≈.≈..#
##.≈≈≈≈≈≈≈≈≈≈.≈..#


There were no monsters in sight!

Vanquished Creatures
  A goblin (D:2)
  A rat (D:2)
2 creatures vanquished.

Notes
Turn   | Place    | Note
-------+----------+-------------------------------------------
     0 | D:1      | EnegeticOcto the Djinni Earth Elementalist began the quest
                  | for the Orb.
     0 | D:1      | Reached XP level 1. HP: 15/15 MP: 0/0
    20 | D:2      | Found Voudeul's Assorted Antiques.
   101 | D:2      | Found a faded altar of an unknown god.
   110 | D:2      | Became a worshipper of Lugonu the Unformed
   110 | D:2      | Reached * piety under Lugonu
   110 | D:2      | Reached ** piety under Lugonu
   122 | D:2      | Quit the game

Illustrated notes

Levels and vault maps discovered:
D:1:      psy_arrival_radial02, layout_loops_ring
D:2:      layout_basic, chequers_ecumenical_altar_island, serial_shops, shop

Action                   || total
-------------------------++-------
 Cast: Sandblast         ||     2
  Use: Potion            ||     2

Table legend: (Time is in decaauts)
 A = Elapsed time spent in this place.
 B = Non-inter-level travel time spent in this place.
 C = Inter-level travel time spent in this place.
 D = Time resting spent in this place.
 E = Time spent auto-exploring this place.
 F = Levels seen in this place.
 G = Mean time per level.
                   A        B        C        D        E       F      G
               +--------+--------+--------+--------+--------+-----+--------+
         Total |    121 |    119 |      2 |      0 |      0 |   2 |   60.5 |
       Dungeon |    121 |    119 |      2 |      0 |      0 |   2 |   60.5 |
               +--------+--------+--------+--------+--------+-----+--------+

Top non-repeatable levels by time:
     D:2: 101 daAuts
     D:1: 20 daAuts
